 Dungeon Crawl Stone Soup version 0.30-a0-778-g2ef04afb54 (webtiles) character file.

Game seed: 12116225328961927832

30549 dialectric the Basher (level 13, -7/103 HPs)
             Began as a Demonspawn Fighter on Feb 16, 2023.
             Was the Champion of Wu Jian.
             Mangled by a skeletal warrior
             ... wielding a +1 heavy glaive
              (40 damage)
             ... on level 13 of the Dungeon.
             The game lasted 00:22:20 (11077 turns).

dialectric the Basher (Demonspawn Fighter)         Turns: 11077, Time: 00:22:20

Health: -7/103     AC: 15    Str: 22    XL:     13   Next: 21%
Magic:  13/13      EV:  9    Int:  7    God:    Wu Jian [******]
Gold:   957        SH: 22    Dex: 19    Spells: 12/12 levels left

rFire   . . .      SeeInvis .    N - +10 mace "Bifex" {spect, rN+ rCorr Str+2}
rCold   + + .      Faith    .    w - +2 kite shield "Erroz" {rElec rC++ Int-2 Dex+4}
rNeg    + . .      Spirit   .    J - +1 chain mail "Imputselaq" {Harm Drain Slay+3}
rPois   +          Reflect  .    Q - +0 hat {Stlth+}
rElec   +          Harm     +    e - scarf {shadows}
rCorr   +          Rampage  .    B - +2 pair of gloves
Will    .....                    (no boots) Stlth
                                 k - amulet of regeneration
HPRegen 1.17/turn                s - ring of poison resistance
MPRegen 0.13/turn                (no ring)

@: no status effects
A: hooves 2, large bone plates 3, foul stench 1, spiny 1
a: Renounce Religion, Wall Jump, Serpent's Lash, Heavenly Storm


You were on level 13 of the Dungeon.
You worshipped Wu Jian.
Wu Jian was exalted by your worship.
You visited 5 branches of the dungeon, and saw 19 of its levels.

You collected 1586 gold pieces.
You spent 629 gold pieces at shops.

Inventory:

Hand Weapons
 D - a +0 morningstar
 G - a +2 whip of freezing
 N - the +10 mace "Bifex" (weapon) {spect, rN+ rCorr Str+2}
   (You found it on level 2 of the Lair of Beasts)

   Str:       It affects your strength (+2).
   rN:        It protects you from negative energy.
   rCorr:     It protects you from acid and corrosion.
Missiles
 z - 2 throwing nets (quivered)
Armour
 e - a scarf of shadows (worn)
 n - a +0 cloak
 w - the +2 kite shield "Erroz" (worn) {rElec rC++ Int-2 Dex+4}
   (You acquired it on level 3 of the Dungeon)

   Int:       It affects your intelligence (-2).
   Dex:       It affects your dexterity (+4).
   rC:        It greatly protects you from cold.
   rElec:     It insulates you from electricity.
 B - a +2 pair of gloves (worn)
 J - the +1 chain mail "Imputselaq" (worn) {Harm Drain Slay+3}
   (You bought it in a shop on level 8 of the Dungeon)

   Slay:      It affects your accuracy & damage with ranged weapons and melee
   (+3).
   Drain:     It drains your maximum health when unequipped.
   Harm:      It increases damage dealt and taken.
 Q - a +0 hat of stealth (worn)
Jewellery
 k - an amulet of regeneration (around neck)
 s - a ring of poison resistance (left hand)
 L - a ring of wizardry
Wands
 c - a wand of quicksilver (22)
 i - a wand of mindburst (11)
 A - a wand of flame (87)
 E - a wand of paralysis (3)
 H - a wand of polymorph (3)
 I - a wand of roots (23)
Scrolls
 a - 4 scrolls of immolation
 h - 4 scrolls of blinking
 r - 4 scrolls of amnesia
 u - a scroll of enchant armour
 x - 3 scrolls of identify
 y - 6 scrolls of teleportation
 K - a scroll of vulnerability {unknown}
 M - a scroll of fog {unknown}
 P - a scroll of enchant weapon {unknown}
Potions
 b - a potion of invisibility {unknown}
 d - a potion of haste {unknown}
 f - a potion of flight
 g - a potion of magic
 j - 4 potions of brilliance {unknown}
 l - 7 potions of heal wounds
 m - 2 potions of attraction
 o - 5 potions of curing
 p - 2 potions of ambrosia {unknown}
 q - 3 potions of lignification {unknown}
 t - 3 potions of resistance
 v - 4 potions of degeneration {unknown}
 C - 5 potions of cancellation {unknown}
 F - 4 potions of mutation {unknown}
 O - a potion of berserk rage {unknown}


   Skills:
 - Level 10.0 Fighting
 + Level 13.9 Maces & Flails
 + Level 0.2 Throwing
 - Level 9.0 Armour
 - Level 4.0 Dodging
 - Level 2.0 Stealth
 - Level 9.2 Shields
 - Level 2.1 Evocations


You had 12 spell levels left.
You didn't know any spells.
Your spell library contained the following spells:

 Spells                   Type           Power      Damage    Failure   Level
 Sandblast                Erth           0%         2d4       100%        1
 Cigotuvi's Dreadful Rot  Necr/Pois/Air  0%         N/A       100%        2
 Passwall                 Tmut/Erth      0%         N/A       100%        2
 Poisonous Vapours        Pois/Air       0%         N/A       100%        2
 Inner Flame              Hex/Fire       0%         N/A       100%        3
 Mephitic Cloud           Conj/Pois/Air  0%         N/A       100%        3
 Stone Arrow              Conj/Erth      0%         3d7       100%        3
 Cause Fear               Hex            0%         N/A       100%        4
 Leda's Liquefaction      Hex/Erth       0%         N/A       100%        4
 Lee's Rapid Deconstruct  Erth           0%         3d4*      100%        5
 Statue Form              Tmut/Erth      0%         N/A       100%        6
 Discord                  Hex            0%         N/A       100%        8


Dungeon Overview and Level Annotations

Branches:
Dungeon (13/15)            Temple (1/1) D:6            Lair (4/5) D:9
  Swamp (1/4) Lair:3        Snake (1/4) Lair:2
  Slime: Lair:4-5       Orc: D:9-12      Vaults: D:13-14

Altars:
Ashenzari
Cheibriados
Dithmenos
Fedhas
Gozag
Hepliaklqana
Kikubaaqudgha
Makhleb
Nemelex Xobeh
Okawaru
Qazlal
Ru
Sif Muna
Trog
Uskayaw
Vehumet
Wu Jian
Xom
Yredelemnul

Shops:
D:8 *[:(   D:9 *

Annotations:
D:10 Nergalle


Innate Abilities, Weirdness & Mutations

You have hoof-like feet.
You are completely covered in large bone plates. (SH +8)
You may rarely emit foul miasma when damaged in melee.
You are partially covered in sharp spines.


Message History

The skeletal warrior misses your +10 mace "Bifex" {spect, rN+ rCorr Str+2}.
Unknown command.
You barely miss the skeletal warrior. You kick the skeletal warrior.
You destroy the skeletal warrior!
The Council accepts your kill.
You sock the skeletal warrior!
You kick the skeletal warrior, but do no damage.
The skeletal warrior is moderately damaged.
Your +10 mace "Bifex" {spect, rN+ rCorr Str+2} hits the skeletal warrior.
The skeletal warrior hits your +10 mace "Bifex" {spect, rN+ rCorr Str+2} with a +0 flail!
Your spectral weapon shares its damage with you!
You block the skeletal warrior's attack.
The two-headed ogre closely misses your +10 mace "Bifex" {spect, rN+ rCorr Str+2}.
The two-headed ogre hits your +10 mace "Bifex" {spect, rN+ rCorr Str+2} with a +0 giant spiked club!!
Your spectral weapon shares its damage with you!
Your +10 mace "Bifex" {spect, rN+ rCorr Str+2} fades away.
Unknown command.
You sock the manticore!
The manticore is moderately wounded.
Your +10 mace "Bifex" {spect, rN+ rCorr Str+2} hits the manticore!
You block the skeletal warrior's attack.
The manticore is struck by your spines. The manticore bites you!
You block the manticore's attack.
The manticore claws you but does no damage.
The skeletal warrior hits you from afar with a +0 halberd!!
You sock the manticore!
You kill the manticore!
The Council accepts your kill.
You block the skeletal warrior's attack. x3
You hit the skeletal warrior.
You kick the skeletal warrior, but do no damage.
The skeletal warrior is lightly damaged.
The skeletal warrior barely misses you. You block the two-headed ogre's attack.
The two-headed ogre hits you with a +0 giant spiked club!
The skeletal warrior hits you from afar with a +0 halberd.
Unknown command.
You bludgeon the skeletal warrior!!
The skeletal warrior is heavily damaged.
The skeletal warrior hits you from afar with a +1 heavy glaive!!
You die...

######################
................@z.....
....###..####...Ozz....
#...# #..# #..##.z....
#...# #..# #..# ......
#...# #..# #... ......
#...# #..# #..........
#...###..####..........
..............
#.............


You could see 4 skeletal warriors and a two-headed ogre.

Vanquished Creatures
  Jorgrun (D:13)
  Gastronok (Lair:3)
  Fannar (Lair:3)
  3 hydras (Lair:3)
  A death yak (Lair:3)
  3 two-headed ogres
  A skeletal warrior (D:13)
  A goliath frog (Swamp:1)
  Pikel (D:3)
  A salamander (Lair:2)
  A manticore (D:13)
  2 black mambas
  3 cane toads
  An unseen horror (D:9)
  4 komodo dragons
  A rime drake (Lair:3)
  4 trolls
  Grinder (D:6)
  2 polar bears
  2 hornets
  A tyrant leech (Lair:3)
  A dream sheep (Lair:3)
  A wraith (D:10)
  A shadow (D:11)
  46 yaks
  3 wyverns
  A basilisk (Lair:2)
  2 steam dragons
  3 vampire mosquitoes (D:13)
  5 swamp worms
  2 wargs (D:9)
  7 water moccasins
  2 ice beasts
  2 black bears
  2 sky beasts
  3 orc warriors
  6 centaurs
  An ogre (D:7)
  11 wolves
  2 lemures (D:3)
  4 kobold brigands
  13 bullfrogs
  3 scorpions (D:6)
  4 wights
  18 killer bees
  2 howler monkeys
  8 lava snakes
  5 hounds
  11 orc priests
  A gnoll bouda (D:3)
  9 iguanas
  6 orc wizards
  6 hell rats (Lair:2)
  25 gnolls
  5 adders
  8 river rats (Lair:2)
  2 shadow imps
  4 white imps
  4 ufetubi
  A dart slug (D:4)
  40 orcs
  3 bats
  2 endoplasms
  4 giant cockroaches
  10 goblins
  7 hobgoblins
  17 jackals
  4 quokkas
  8 ball pythons
  2 frilled lizards (D:2)
  13 kobolds
  8 rats
394 creatures vanquished.

Vanquished Creatures (others)
  A lemure (D:4)
  6 fungi (Lair:2)
  12 plants
19 creatures vanquished.

Grand Total: 413 creatures vanquished

Notes
Turn   | Place    | Note
-------+----------+-------------------------------------------
     0 | D:1      | dialectric the Demonspawn Fighter began the quest for the
                  | Orb.
     0 | D:1      | Reached XP level 1. HP: 18/18 MP: 1/1
   284 | D:1      | Gained mutation: You have large cloven feet. [demonic
                  | ancestry]
   284 | D:1      | Reached XP level 2. HP: 20/24 MP: 2/2
   286 | D:1      | Reached skill level 2 in Maces & Flails
   424 | D:1      | Found a faded altar of an unknown god.
   437 | D:1      | Prayed at the altar of an unknown god.
   437 | D:1      | Became a worshipper of the Wu Jian Council
   437 | D:1      | Reached * piety under Wu Jian
   982 | D:2      | Gained mutation: You are partially covered in sharp spines.
                  | [demonic ancestry]
   982 | D:2      | Reached XP level 3. HP: 29/29 MP: 3/3
  1433 | D:3      | Reached ** piety under Wu Jian
  1481 | D:3      | Reached skill level 3 in Maces & Flails
  1482 | D:3      | Gained mutation: You have hoof-like feet. [demonic
                  | ancestry]
  1482 | D:3      | Reached XP level 4. HP: 32/35 MP: 4/4
  1543 | D:3      | Reached skill level 1 in Dodging
  1651 | D:3      | Gained mutation: You are partially covered in large bone
                  | plates. (SH +4) [demonic ancestry]
  1651 | D:3      | Reached XP level 5. HP: 41/41 MP: 5/5
  1659 | D:3      | Reached skill level 4 in Maces & Flails
  1744 | D:3      | Reached skill level 5 in Maces & Flails
  1744 | D:3      | Reached XP level 6. HP: 39/48 MP: 6/6
  1758 | D:3      | Reached *** piety under Wu Jian
  1975 | D:3      | Identified a scroll of acquirement
  1975 | D:3      | Acquired the +2 kite shield "Erroz" {rElec rC++ Int-2
                  | Dex+4}
  2250 | D:3      | Gained mutation: You are mostly covered in large bone
                  | plates. (SH +6) [demonic ancestry]
  2250 | D:3      | Reached XP level 7. HP: 54/54 MP: 7/7
  2402 | D:4      | Reached skill level 6 in Maces & Flails
  2696 | D:4      | Noticed a steam dragon
  2718 | D:4      | Killed a steam dragon
  3101 | D:4      | Noticed Pikel
  3127 | D:3      | Killed Pikel
  3128 | D:3      | Reached skill level 7 in Maces & Flails
  3128 | D:3      | Reached XP level 8. HP: 49/60 MP: 8/8
  3465 | D:5      | Entered Level 5 of the Dungeon
  3511 | D:5      | Found a shimmering blue altar of Sif Muna.
  3575 | D:5      | Found an opulent altar of Gozag.
  3687 | D:5      | Reached skill level 5 in Armour
  3917 | D:5      | Reached **** piety under Wu Jian
  4308 | D:6      | Reached skill level 8 in Maces & Flails
  4308 | D:6      | Reached XP level 9. HP: 57/65 MP: 9/9
  4335 | D:6      | Noticed a troll
  4520 | D:6      | Noticed Grinder
  4531 | D:6      | Killed Grinder
  4570 | D:6      | Reached skill level 1 in Stealth
  4639 | D:6      | Reached skill level 5 in Shields
  4665 | D:6      | Found a staircase to the Ecumenical Temple.
  4717 | D:6      | Killed a troll
  4925 | D:6      | Reached skill level 9 in Maces & Flails
  5009 | D:6      | Noticed a troll
  5111 | D:7      | Acquired 452 gold pieces
  5331 | D:6      | Killed a troll
  5332 | D:6      | Reached XP level 10. HP: 56/71 MP: 10/10
  5478 | Temple   | Entered the Ecumenical Temple
  5994 | D:8      | Reached ***** piety under Wu Jian
  6025 | D:8      | Found Voloaj's General Store.
  6031 | D:8      | Bought a potion of heal wounds for 75 gold pieces
  6031 | D:8      | Bought a scroll of teleportation for 45 gold pieces
  6031 | D:8      | Bought the +1 chain mail "Imputselaq" {Harm Drain Slay+3}
                  | for 352 gold pieces
  6059 | D:8      | Found Pitwef's Armour Shoppe.
  6175 | D:8      | Found Ecsier's Antique Weapon Shop.
  6181 | D:8      | Found a hide-covered altar of Uskayaw.
  6291 | D:8      | Found an iron altar of Okawaru.
  6291 | D:8      | Found a shadowy altar of Dithmenos.
  6644 | D:8      | Found Uxinuc's Book Emporium.
  6899 | D:9      | Found Dotebun's General Store.
  6920 | D:9      | Bought a potion of curing for 45 gold pieces
  6920 | D:9      | Bought a scroll of enchant armour for 112 gold pieces
  6990 | D:9      | Found a radiant altar of Vehumet.
  7058 | D:10     | Entered Level 10 of the Dungeon
  7200 | D:10     | Reached skill level 10 in Maces & Flails
  7527 | D:10     | Noticed a two-headed ogre
  7533 | D:10     | Killed a two-headed ogre
  7534 | D:10     | Gained mutation: You are completely covered in large bone
                  | plates. (SH +8) [demonic ancestry]
  7534 | D:10     | Reached XP level 11. HP: 72/78 MP: 11/11
  7548 | D:10     | Reached skill level 5 in Fighting
  7550 | D:10     | Noticed Nergalle
  7561 | D:10     | Reached skill level 1 in Evocations
  7609 | D:9      | Found a staircase to the Lair.
  7640 | D:9      | Reached skill level 11 in Maces & Flails
  7695 | D:9      | Noticed a two-headed ogre
  7707 | D:9      | Killed a two-headed ogre
  7797 | D:9      | Noticed a two-headed ogre
  7806 | D:9      | Killed a two-headed ogre
  8078 | Lair:1   | Entered Level 1 of the Lair of Beasts
  8407 | Lair:1   | Reached skill level 12 in Maces & Flails
  8884 | Lair:2   | Reached ****** piety under Wu Jian
  8885 | Lair:2   | Gained mutation: You may rarely emit foul miasma when
                  | damaged in melee. [demonic ancestry]
  8885 | Lair:2   | Reached XP level 12. HP: 82/92 MP: 12/12
  9305 | Lair:2   | Identified the +10 mace "Bifex" {spect, rN+ rCorr Str+2}
  9568 | Lair:2   | Found a staircase to the Snake Pit.
  9725 | Snake:1  | Entered Level 1 of the Snake Pit
  9775 | Lair:3   | Noticed Gastronok
  9781 | Lair:3   | Killed Gastronok
  9865 | Lair:3   | Noticed Fannar
  9896 | Lair:3   | Killed Fannar
 10007 | Lair:3   | Noticed a six-headed hydra
 10011 | Lair:3   | Killed a six-headed hydra
 10084 | Lair:3   | Identified the +3 short sword "Fenoul" {spect, Dex+4}
 10279 | Lair:3   | Noticed a death yak
 10287 | Lair:3   | Killed a death yak
 10288 | Lair:3   | Reached skill level 13 in Maces & Flails
 10343 | Lair:3   | Noticed an eight-headed hydra
 10348 | Lair:3   | Killed an eight-headed hydra
 10362 | Lair:3   | Noticed a six-headed hydra
 10460 | Lair:4   | Noticed a four-headed hydra
 10599 | Lair:3   | Killed a six-headed hydra
 10651 | Lair:3   | Found a staircase to the Swamp.
 10662 | Swamp:1  | Entered Level 1 of the Swamp
 10715 | Swamp:1  | Reached XP level 13. HP: 53/102 MP: 13/13
 10898 | D:11     | Found a snail-covered altar of Cheibriados.
 10915 | D:11     | You fall into a shaft and drop 2 floors!
 10925 | D:13     | Noticed Jorgrun
 10932 | D:13     | Killed Jorgrun
 10933 | D:13     | Reached skill level 10 in Fighting
 11077 | D:13     | Mangled by a skeletal warrior

Illustrated notes

Levels and vault maps discovered:
D:1:      onia_arrival_mini_maze, layout_basic, basic_ecumenical_altar,
          serial_aquarium, aquarium_bridge_square [aquarium_subvault_window,
          aquarium_subvault_bridge, aquarium_subvault_balcony,
          aquarium_subvault_balcony], aquarium_window_1, aquarium_window_fake,
          aquarium_window_1, aquarium_view_2a, aquarium_view_2c,
          aquarium_pool_double
D:2:      layout_basic, kennysheep_pointless_box, item_on_display_a
D:3:      lemuel_castle_with_subvaults [lemuel_castle_interior_original],
          layout_rooms
D:4:      layout_cave_pods, minmay_tree_intersection, minmay_between, uniq_pikel
D:5:      layout_loops_ring, general_overflow_altar, grunt_gozag_statues,
          nrook_loot_triangle, serial_bayou_pond_c
D:6:      hangedman_cross_stitches, layout_basic, minmay_temple_entry_hall,
          minmay_quadrilaterals, uniq_grinder
D:7:      layout_rooms, zin_academy
D:8:      layout_basic, overflow_temple_1_default,
          amethyst_overflow_temple_binary, serial_shops, shop,
          nicolae_shop_hallway_plus, shop, nicolae_shop_trees, moated_statue
D:9:      layout_basic, fiery_altar_vehumet, erik_lair_orcish_takeover,
          serial_shops, nicolae_shop_statue_plus, kennysheep_boxes
D:10:     layout_loops_corners, minmay_orc_entry_guard_dogs, uniq_nergalle
D:11:     layout_irregular_city, nicolae_water_bricks, cheibriados_altar_1
D:13:     layout_stronghold, david_vaults_4, serial_shops,
          nicolae_shop_window_shopping, uniq_jorgrun
Temple:   minmay_freezing_vapour_temple
Lair:1:   layout_gridlike, lemuel_old_faithful, infiniplex_staircase_pool,
          grunt_megastairs_3, lemuel_fruit_tree
Lair:2:   layout_regular_city, nicolae_snake_entry_warm_welcome,
          kennysheep_abandoned_house, grunt_megastairs_1
Lair:3:   layout_loops_ring, palyth_hydra_swamp_entry, minmay_shattered_shrine,
          uniq_gastronok, uniq_fannar
Lair:4:   layout_gridlike, slime_entry_1, serial_bayou_shore_b
Swamp:1:  layout_basic_swamp, gammafunk_ghost_arena,
          evilmike_swamp_ruin_house_1, swamp_pool5, st_shrine_of_shade,
          infiniplex_staircase_pool_2
Snake:1:  layout_chambers

Skill      XL: |  1  2  3  4  5  6  7  8  9 10 11 12 13 |
---------------+----------------------------------------+-----
Armour         | 3 4 5 6 8 9 |  9.0
Maces & Flails | 2 3 5 7 8 9 10 12 13 | 13.9
Dodging        | 1 2 3 4 |  4.0
Fighting       | 4 7 9 10 | 10.0
Shields        | 3 4 6 7 9 |  9.2
Stealth        | 1 2 |  2.0
Evocations     | 2 |  2.1
Throwing       | |  0.2

Action                     |  1- 3 |  4- 6 |  7- 9 | 10-12 | 13-15 || total
---------------------------+-------+-------+-------+-------+-------++-------
  Melee: Flail             |   107 |   123 |    72 |       |       ||   302
         Kick              |    17 |    33 |   107 |   254 |    17 ||   428
         Punch             |       |     1 |     5 |       |       ||     6
         Whip              |       |       |   281 |   576 |       ||   857
         Mace              |       |       |       |    98 |    35 ||   133
  Throw: Throwing net      |       |       |       |     1 |       ||     1
Ability: Lunge             |    11 |     8 |    15 |    39 |     4 ||    77
         Whirlwind         |     1 |     4 |    14 |    28 |     2 ||    49
         Wall Jump         |       |       |       |     1 |       ||     1
  Evoke: Wand              |       |       |     3 |     9 |     1 ||    13
    Use: Scroll            |     1 |     1 |     9 |     5 |       ||    16
         Potion            |       |       |     1 |     2 |       ||     3
   Stab: Sleeping          |       |       |       |     1 |       ||     1
         Distracted        |       |       |       |     2 |       ||     2
 Armour: Scale mail        |    52 |    32 |   101 |     8 |       ||   193
         Chain mail        |       |       |       |    77 |     3 ||    80
  Dodge: Dodged            |    55 |    56 |   139 |    84 |     5 ||   339
  Block: Other             |       |    18 |    59 |       |       ||    77
         Buckler           |       |       |     4 |    23 |       ||    27
         Kite shield       |       |       |       |   456 |    25 ||   481

Table legend: (Time is in decaauts)
 A = Elapsed time spent in this place.
 B = Non-inter-level travel time spent in this place.
 C = Inter-level travel time spent in this place.
 D = Time resting spent in this place.
 E = Time spent auto-exploring this place.
 F = Levels seen in this place.
 G = Mean time per level.
                   A        B        C        D        E       F      G
               +--------+--------+--------+--------+--------+-----+--------+
         Total |  10917 |  10345 |    572 |    244 |   7174 |  19 |  574.6 |
       Dungeon |   8233 |   7781 |    452 |    133 |   5510 |  12 |  686.1 |
        Temple |     28 |     28 |      0 |     15 |      0 |   1 |   28.0 |
          Lair |   2559 |   2440 |    119 |     96 |   1664 |   4 |  639.8 |
         Swamp |     66 |     66 |      0 |      0 |      0 |   1 |   66.0 |
     Snake Pit |     29 |     29 |      0 |      0 |      0 |   1 |   29.0 |
               +--------+--------+--------+--------+--------+-----+--------+

Top non-repeatable levels by time:
     D:3: 1088 daAuts
     D:8: 1011 daAuts
  Lair:2: 966 daAuts
     D:4: 957 daAuts
     D:6: 902 daAuts
     D:5: 846 daAuts
  Lair:3: 841 daAuts
     D:1: 768 daAuts
     D:9: 753 daAuts
     D:2: 704 daAuts
  Lair:1: 645 daAuts
    D:10: 505 daAuts
     D:7: 471 daAuts
    D:13: 159 daAuts
  Lair:4: 106 daAuts
